 Dungeon Crawl Stone Soup version 0.30.0-29-ga12c61a403 (webtiles) character file.

Game seed: 993494354055876206

2976 seaoflcl the Cleaver (level 9, -1/79 HPs)
             Began as a Minotaur Fighter on June 17, 2023.
             Succumbed to a gargoyle's poison
             ... on level 6 of the Dungeon.
             The game lasted 00:08:35 (5794 turns).

seaoflcl the Cleaver (Minotaur Fighter)             Turns: 5794, Time: 00:08:35

Health: -1/79      AC: 11    Str: 25    XL:     9   Next: 53%
Magic:  8/8        EV:  8    Int:  5    God:
Gold:   418        SH: 10    Dex: 10    Spells: 8/8 levels left

rFire   . . .        x - +1 hand axe (venom)
rCold   + . .        c - +0 buckler
rNeg    . . .        t - +0 chain mail
rPois   .            (helmet restricted)
rElec   .            o - +0 cloak
rCorr   +            (no gloves)
SInv    .            (no boots)
Will    .....        k - amulet of reflection Stlth
                     l - ring of protection from cold
HPRegen 0.33/turn    v - ring of resist corrosion
MPRegen 0.11/turn

%: reflection
@: lethally poisoned (-1 -> -11)
A: horns 2, retaliatory headbutt
a: no special abilities


You were on level 6 of the Dungeon.
You visited 1 branch of the dungeon, and saw 7 of its levels.
You also visited: Sewer.

You collected 418 gold pieces.

Inventory:

Hand Weapons
 a - a +0 war axe
 d - a +2 spear of flaming
 s - a +2 whip of holy wrath
 x - a +1 hand axe of venom (weapon)
 D - a +2 whip of freezing
Missiles
 j - 12 javelins (quivered)
 n - 22 poisoned darts
 y - 5 atropa-tipped darts
Armour
 c - a +0 buckler (worn)
 o - a +0 cloak (worn)
 p - a +1 scale mail of cold resistance
 t - a +0 chain mail (worn)
Jewellery
 f - an amulet of the acrobat
 k - an amulet of reflection (around neck)
 l - a ring of protection from cold (left hand)
 v - a ring of resist corrosion (right hand)
 C - a +6 ring of intelligence
 F - a ring of magical power
 P - a ring of wizardry
Wands
 G - a wand of acid (8)
 J - a wand of digging (13)
 M - a wand of charming (12)
Scrolls
 g - a scroll of fear
 h - 3 scrolls of blinking {unknown}
 i - 9 scrolls of teleportation {unknown}
 q - 2 scrolls of acquirement {unknown}
 u - 2 scrolls of immolation {unknown}
 z - a scroll of fog
 A - a scroll of enchant weapon {unknown}
 H - a scroll of vulnerability {unknown}
 I - a scroll of silence {unknown}
 L - a scroll of brand weapon {unknown}
 N - a scroll of noise {unknown}
 O - 2 scrolls of identify
Potions
 b - a potion of brilliance {unknown}
 e - 2 potions of curing
 m - a potion of magic {unknown}
 r - 2 potions of flight {unknown}
 w - a potion of berserk rage {unknown}
 B - a potion of resistance {unknown}
 E - a potion of might
 K - a potion of invisibility {unknown}


   Skills:
 + Level 7.0 Fighting
 * Level 8.8(9.5) Axes
 + Level 5.4(7.9) Polearms
 + Level 4.6 Throwing
 + Level 7.0 Armour
 + Level 6.9 Shields
 + Level 2.0 Evocations


You had 8 spell levels left.
You didn't know any spells.
Your spell library contained the following spells:

 Spells                   Type           Power      Damage    Failure   Level
 Beastly Appendage        Tmut           0%         N/A       96%         1
 Magic Dart               Conj           0%         1d3       96%         1
 Slow                     Hex            0%         N/A       96%         1
 Ensorcelled Hibernation  Hex/Ice        0%         N/A       99%         2
 Lesser Beckoning         Tloc           0%         N/A       99%         2
 Searing Ray              Conj           0%         2d4       99%         2
 Wereblood                Tmut           0%         N/A       99%         2
 Confusing Touch          Hex            0%         N/A       100%        3
 Gell's Gravitas          Tloc           0%         N/A       100%        3
 Spider Form              Tmut/Pois      0%         N/A       100%        3
 Teleport Other           Tloc           0%         N/A       100%        3
 Vampiric Draining        Necr           0%         2d6       100%        3
 Volatile Blastmotes      Fire/Tloc      0%         2d10      100%        3
 Anguish                  Hex/Necr       0%         N/A       100%        4
 Fulminant Prism          Conj/Hex       0%         3d5       100%        4
 Iskenderun's Mystic Bla  Conj/Tloc      0%         2d3       100%        4
 Lee's Rapid Deconstruct  Erth           0%         3d4*      100%        5


Dungeon Overview and Level Annotations

Branches:
Dungeon (7/15)             Temple (0/1) D:6           Sewer (visited)

Altars:
Fedhas
Sif Muna
The Shining One

Shops:
D:3 *

Portals:
Abyss: D:4

Annotations:
D:4 2 transporters, safid's ghost, novice MfIE


Innate Abilities, Weirdness & Mutations

You have a pair of horns on your head.
You reflexively headbutt those who attack you in melee.


Message History

The yak gores you.
You hit the gargoyle but do no damage.
You headbutt the gargoyle, but do no damage.
The gargoyle is severely damaged.
You hit the yak.
You feel very sick.
You hit the gargoyle but do no damage.
You headbutt the gargoyle, but do no damage.
The gargoyle is severely damaged.
You barely miss the yak.
You feel very sick.
The gargoyle hits you with a +0 mace of venom!
You are more poisoned.
You block the yak's attack.
You hit the gargoyle but do no damage.
The gargoyle is severely damaged.
You hit the yak.
The yak looks as sick as possible!
You feel very sick. You block the gargoyle's attack.
The yak closely misses you. You furiously retaliate!
You headbutt the yak!
You kill the yak!
Your Fighting skill increases to level 7!
Your Armour skill increases to level 7!
Your Evocations skill increases to level 2!
You slash the gargoyle!
The gargoyle is almost destroyed.
You feel very sick.
The gargoyle hurls a stone arrow at you.
The stone arrow hits you!
* * * LOW HITPOINT WARNING * * *
Unknown command.
You hit the gargoyle but do no damage.
The gargoyle is almost destroyed.
You feel very sick.
The gargoyle hurls a stone arrow at you.
The stone arrow hits you!
* * * LOW HITPOINT WARNING * * *
You hit the gargoyle but do no damage.
The gargoyle is almost destroyed.
You die...

# #.## ##...(.###.#...#.#.####
###..####....[[#####...#....#.###
##....<#.##.....# ##.......#.#..
#...#...........####....###......
##....#.........#.##.#..# ###....
#.....#...............#.#####..##
#..........#.........##..#.....##
#.##.......####9###.###..#....###
#.##.........#.(@>#..##.##....##.
#.#.........................#....
#...........#..........####......
#...#.....#.#......##..# #>.....
##.##....###.......##.#####......
....#..#.................#......#
#.....##........#..8..#........##
................##...##.......###
..#.............#######...##...##


You could see a gargoyle.

Vanquished Creatures
  Pikel (D:5)
  4 yaks
  A steam dragon (D:7)
  An orc warrior (D:4)
  3 centaurs
  2 ogres (D:5)
  3 scorpions
  5 bullfrogs
  6 hounds
  2 orc priests
  A jelly (D:6)
  A gnoll bouda (D:4)
  3 sleepcaps
  2 iguanas (D:6)
  2 orc wizards
  11 gnolls
  3 adders
  A river rat (D:3)
  A shadow imp (D:6)
  3 ufetubi
  2 worms
  4 dart slugs
  23 orcs
  14 ball pythons
  13 bats
  11 endoplasms
  17 giant cockroaches
  5 goblins
  2 hobgoblins
  8 jackals
  5 kobolds
  9 quokkas
  8 frilled lizards (Sewer)
  4 rats
181 creatures vanquished.

Notes
Turn   | Place    | Note
-------+----------+-------------------------------------------
     0 | D:1      | seaoflcl the Minotaur Fighter began the quest for the Orb.
     0 | D:1      | Reached XP level 1. HP: 19/19 MP: 0/0
   226 | D:1      | Reached XP level 2. HP: 27/27 MP: 1/1
   337 | D:1      | Found a faded altar of an unknown god.
   486 | D:1      | Reached skill level 3 in Axes
   823 | D:2      | Reached XP level 3. HP: 20/33 MP: 2/2
   832 | D:2      | Reached XP level 4. HP: 4/40 MP: 3/3
  1003 | D:2      | Reached skill level 1 in Throwing
  1207 | D:2      | Reached skill level 4 in Axes
  1496 | D:3      | Found a shimmering blue altar of Sif Muna.
  1511 | D:3      | Found Dastrua's General Store.
  1530 | D:3      | Found a glowing golden altar of the Shining One.
  1626 | D:3      | Reached skill level 1 in Polearms
  1631 | D:3      | Reached XP level 5. HP: 37/47 MP: 4/4
  1809 | D:3      | Found a glowing drain.
  1813 | Sewer    | Entered a sewer
  2026 | Sewer    | Reached XP level 6. HP: 37/53 MP: 5/5
  2028 | Sewer    | Reached skill level 5 in Axes
  2278 | D:3      | Identified the +9 short sword "Ubydyp" {holy, rPois Dex+2}
  2374 | D:3      | Found a blossoming altar of Fedhas.
  2798 | D:4      | Reached skill level 5 in Armour
  2811 | D:4      | Found a transporter.
  2813 | D:4      | Found a transporter.
  2822 | D:4      | Noticed an orc warrior
  2840 | D:4      | Killed an orc warrior
  2841 | D:4      | Reached skill level 5 in Fighting
  2841 | D:4      | Reached skill level 5 in Shields
  2841 | D:4      | Reached XP level 7. HP: 47/61 MP: 6/6
  3044 | D:4      | Noticed a small abomination
  3054 | D:4      | Noticed safid's ghost (novice MfIE)
  3273 | D:4      | Found a one-way gate to the infinite horrors of the Abyss.
  3772 | D:5      | Entered Level 5 of the Dungeon
  3827 | D:5      | Reached skill level 6 in Axes
  4275 | D:5      | Reached XP level 8. HP: 66/69 MP: 7/7
  4478 | D:5      | Noticed Pikel
  4491 | D:5      | Killed Pikel
  4492 | D:5      | Reached skill level 7 in Axes
  4959 | D:6      | Found a staircase to the Ecumenical Temple.
  5038 | D:6      | Reached XP level 9. HP: 62/78 MP: 8/8
  5131 | D:6      | Reached skill level 8 in Axes
  5536 | D:7      | Reached skill level 1 in Evocations
  5546 | D:7      | Reached skill level 5 in Polearms
  5575 | D:7      | Noticed a gargoyle
  5583 | D:7      | Noticed a gargoyle
  5793 | D:6      | HP: 1/79 [gargoyle/stone arrow (17)]
  5794 | D:6      | Succumbed to a gargoyle's poison

Illustrated notes

Levels and vault maps discovered:
D:1:      amcnicky_arrival_choice, layout_basic,
          shapermc_ecumenical_altar_totnotflames
D:2:      layout_rooms, nicolae_grassy_gnolls
D:3:      layout_basic, tso_oasis_becter, fedhas_altar_2,
          mainiacjoe_overflow_catwalk, serial_shops, nicolae_shop_crystal,
          gup_sewer_entry_spiral
D:4:      layout_loops_cross, gammafunk_ghost_abyssal_escape
D:5:      layout_loops_ring, grunt_ministairs_8, roderic_batcave, uniq_pikel
D:6:      layout_cave_pools, temple_statues, minmay_tree_intersection,
          grunt_decor_resistance, mrwooster_statue_mirror
D:7:      cheibrodos_statue_roulette, layout_basic, lightli_temple_of_fire,
          serial_shops, shop, hellmonk_guarded_unrand_vines

Skill      XL: |  1  2  3  4  5  6  7  8  9 |
---------------+----------------------------+-----
Axes           | 3 4 5 6 7 8 |  8.8
Fighting       | 4 5 6 7 |  7.0
Armour         | 4 5 6 7 |  7.0
Shields        | 4 5 6 |  6.9
Throwing       | 1 2 3 4 |  4.6
Polearms       | 1 2 3 4 5 |  5.4
Evocations     | 2 |  2.0

Action                     |  1- 3 |  4- 6 |  7- 9 || total
---------------------------+-------+-------+-------++-------
  Melee: War axe           |    53 |   191 |    10 ||   254
         Headbutt          |     5 |    20 |    42 ||    67
         Hand axe          |       |       |   195 ||   195
    Use: Potion            |     1 |       |       ||     1
         Scroll            |       |     3 |     1 ||     4
 Armour: Scale mail        |    27 |    69 |       ||    96
         Chain mail        |       |    24 |    85 ||   109
  Dodge: Dodged            |    30 |   113 |    57 ||   200
  Block: Buckler           |    13 |    80 |    78 ||   171
         Reflection        |       |       |     8 ||     8
